 Dungeon Crawl Stone Soup version 0.22-a0-247-gbddf880 (webtiles) character file.

914 tsouns the Poker (level 8, 0/54 HPs)
             Began as an Octopode Fighter on Feb 27, 2018.
             Was a Believer of Wu Jian.
             Slain by a sky beast (5 damage)
             ... on level 5 of the Dungeon.
             The game lasted 00:08:46 (3915 turns).

tsouns the Poker (Octopode Fighter)                 Turns: 3915, Time: 00:08:47

Health: 0/54       AC:  1    Str: 16    XL:     8   Next: 9%
Magic:  8/8        EV: 12    Int: 15    God:    Wu Jian [**....]
Gold:   50         SH:  9    Dex: 11    Spells: 7/7 levels left

rFire    + . .     SeeInvis .   a - +0 trident
rCold    . . .     Gourm    .   b - +0 shield
rNeg     . . .     Faith    .   (helmet restricted)
rPois    .         Spirit   .   (no amulet)
rElec    .         Reflect  .   f - +3 ring of intelligence
rCorr    .         Harm     .   p - ring of protection from fire
MR       .....                  (no ring)
Stlth    ++++......             (no ring)
HPRegen  0.18/turn              (no ring)
MPRegen  0.11/turn              (no ring)
                                (no ring)
                                (no ring)

@: no status effects
A: almost no armour, stealthy swim, amphibious, 8 rings, constrict 8, camouflage
1, gelatinous body 1
a: Wall Jump, Renounce Religion


You were on level 5 of the Dungeon.
You worshipped Wu Jian.
Wu Jian was pleased with you.
You were hungry.

You visited 1 branch of the dungeon, and saw 5 of its levels.

You collected 230 gold pieces.
You spent 180 gold pieces at shops.

Inventory:

Hand Weapons
 a - a +0 trident (weapon)
Missiles
 i - 4 tomahawks
 j - 60 bolts
 t - 134 stones (quivered)
Armour
 b - a +0 shield (worn)
 o - a +2 buckler
Jewellery
 f - a +3 ring of intelligence (left tentacle)
 p - a ring of protection from fire (right tentacle)
Wands
 g - a wand of iceblast (6)
 k - a wand of random effects (37)
 q - a wand of enslavement (17)
 y - a wand of acid (5)
Scrolls
 e - a scroll of fear
 l - 3 scrolls of remove curse
 n - a scroll of identify
 s - a scroll of amnesia
 u - a scroll of teleportation
Potions
 c - 2 potions of ambrosia
 h - a potion of curing
 m - 3 potions of heal wounds
 r - a potion of cancellation
 w - 2 potions of lignification
 x - a potion of agility {unknown}
Comestibles
 d - 12 rations
 v - 12 chunks of flesh


   Skills:
 + Level 4.9 Fighting
 * Level 5.6 Polearms
 + Level 4.3 Dodging
 - Level 5.0 Stealth
 + Level 4.5 Shields


You had 7 spell levels left.
You didn't know any spells.

Dungeon Overview and Level Annotations

Branches:
Dungeon (5/15)             Temple (0/1) D:5

Altars:
Okawaru
Sif Muna
Wu Jian
The Shining One

Shops:
D:5 }


Innate Abilities, Weirdness & Mutations

You cannot wear most types of armour.
You are very stealthy in the water. (Stealth+)
You are amphibious.
You can wear up to eight rings at the same time.
You can use your tentacles to constrict eight enemies at once.
Your skin changes colour to match your surroundings (Stealth+).
Your rubbery body absorbs attacks. (AC +1, EV +1)


Message History

No target in view!
No target in view!
No target in view!
No target in view!
You barely miss something. You squeeze something. Something hits you.
Something shocks you.
You miss something. You squeeze something. Something hits you.
Something shocks you.
* * * LOW HITPOINT WARNING * * *
Your shield prevents you from hitting something.
You squeeze something. Something hits you.
* * * LOW HITPOINT WARNING * * *
Something shocks you.
* * * LOW HITPOINT WARNING * * *
A sky beast appears from thin air!
Reactivating autopickup.
The sky beast hits you.
* * * LOW HITPOINT WARNING * * *
The sky beast shocks you.
You die...

#... ... ###... #
#....#.## ####.##.#..##
#....##.....
#....##.##.#
#...?§..##.####.
#....##Y@.....#.#
#....##.......#.#
#....##.......#.#
########.#....#.########
#####.#.##...#......#
#........###.#......#
#..<...#^..#........##
#......#............#.
.........#....##.[..∩...


You could see a sky beast.

Vanquished Creatures
  Sigmund (D:2)
  An ice beast (D:5)
  An ogre (D:5)
  Blork the orc (D:5)
  A crimson imp (D:5)
  4 hounds
  2 orc priests
  Ijyb (D:4)
  A centaur skeleton (D:4)
  An iron imp (D:5)
  Natasha (D:2)
  A howler monkey skeleton (D:4)
  A gnoll (D:3)
  5 adders
  2 oozes
  An adder skeleton (D:4)
  A worm (D:5)
  2 dart slugs
  11 orcs
  5 giant cockroaches
  10 goblins
  8 hobgoblins
  8 jackals
  8 kobolds
  2 quokkas
  2 ball pythons
  8 bats
  2 frilled lizards (D:1)
  3 goblin skeletons (D:5)
  A goblin zombie (D:5)
  2 hobgoblin zombies (D:5)
  2 kobold skeletons (D:5)
  A kobold zombie (D:5)
  A quokka skeleton (D:5)
  5 rats
  A bush (D:3)
108 creatures vanquished.

Notes
Turn   | Place    | Note
-------+----------+-------------------------------------------
     0 | D:1      | tsouns the Octopode Fighter began the quest for the Orb.
     0 | D:1      | Reached XP level 1. HP: 16/16 MP: 1/1
   138 | D:1      | Reached XP level 2. HP: 17/21 MP: 2/2
   372 | D:2      | Reached XP level 3. HP: 24/26 MP: 3/3
   625 | D:2      | Reached skill level 1 in Stealth
  1236 | D:2      | Noticed Natasha
  1262 | D:2      | Killed Natasha
  1262 | D:2      | Reached XP level 4. HP: 23/33 MP: 4/4
  1388 | D:2      | Noticed Sigmund
  1413 | D:2      | Killed Sigmund
  1413 | D:2      | Reached XP level 5. HP: 34/37 MP: 5/5
  1413 | D:2      | Reached XP level 6. HP: 40/43 MP: 6/6
  1443 | D:2      | Found an ornate altar of the Wu Jian Council.
  1451 | D:2      | Became a worshipper of the Wu Jian Council
  1959 | D:3      | Reached * piety under Wu Jian
  2031 | D:3      | Found a deep blue altar of Sif Muna.
  2692 | D:4      | Found an iron altar of Okawaru.
  2730 | D:4      | Reached skill level 5 in Stealth
  2750 | D:4      | Reached XP level 7. HP: 33/48 MP: 7/7
  2810 | D:4      | Noticed Ijyb
  2822 | D:4      | Killed Ijyb
  3145 | D:5      | Entered Level 5 of the Dungeon
  3164 | D:5      | Found a staircase to the Ecumenical Temple.
  3238 | D:5      | Found a glowing golden altar of the Shining One.
  3248 | D:5      | Noticed Blork the orc
  3260 | D:5      | Reached ** piety under Wu Jian
  3282 | D:5      | Killed Blork the orc
  3282 | D:5      | Reached skill level 5 in Polearms
  3716 | D:5      | Reached XP level 8. HP: 31/54 MP: 8/8
  3867 | D:5      | Found Bituw's Gadget Shop.
  3878 | D:5      | Bought a wand of acid (5) for 180 gold pieces
  3915 | D:5      | Slain by a sky beast

Vault maps used:
D:1:      dpeg_arrival_rooms_a
D:2:      lemuel_coloured_pillars_altar, uniq_natasha, uniq_sigmund
D:3:      lemuel_round_altar, serial_forest, infiniplex_forest_straight_2,
          infiniplex_forest_end_2, infiniplex_forest_end_1,
          infiniplex_forest_lined_room_, infiniplex_forest_clump_tiny,
          infiniplex_forest_straight_2, infiniplex_forest_lined_1,
          infiniplex_forest_end_2, first_ration, cheibrodos_gnoll_hut
D:4:      minmay_wonky_spiral, okawaru_gym_becter, uniq_ijyb
D:5:      elyvilon_altar_4, minmay_temple_entry_purple_smoke, serial_shops,
          shop, nicolae_tso_besieged_by_evil, uniq_blork_the_orc

Skill      XL: |  1  2  3  4  5  6  7 |
---------------+----------------------+-----
Stealth        | 2 4 5 |  5.0
Fighting       | 4 |  4.9
Polearms       | 3 4 5 |  5.6
Shields        | 4 |  4.5
Dodging        | 4 |  4.3

Action                   |  1- 3 |  4- 6 |  7- 9 || total
-------------------------+-------+-------+-------++-------
Melee: Trident           |    62 |   148 |    98 ||   308
       Constrict         |    13 |    18 |    16 ||    47
       Tentacles         |     5 |    38 |    20 ||    63
Invok: Lunge             |       |     1 |       ||     1
       Whirlwind         |       |       |     1 ||     1
  Use: Scroll            |    10 |     2 |     4 ||    16
       Potion            |     2 |     3 |       ||     5
 Stab: Sleeping          |     9 |    12 |     5 ||    26
       Invisible         |       |     2 |       ||     2
       Distracted        |       |     1 |       ||     1
  Eat: Chunk             |     1 |     4 |     1 ||     6
       Ration            |       |     1 |       ||     1
Armor: Skin              |     2 |     2 |     1 ||     5
Dodge: Dodged            |    12 |    25 |    30 ||    67
Block: Shield            |    10 |    31 |    27 ||    68

Table legend:
 A = Spawn XP
 B = Non-spawn XP
 C = Spawn XP percentage of total XP
 D = Spawn monster count
 E = Non-spawn monster count
 F = Spawn count percentage of total count
 G = Total turns spent on level
                    A         B        C        D         E        F      G
               +---------+---------+-------+---------+---------+-------+---------
         Total |       0 |    1306 |   0.0 |       0 |     107 |   0.0 |  3915
               +---------+---------+-------+---------+---------+-------+---------
           D:1 |       0 |      29 |   0.0 |       0 |      16 |   0.0 |   328
           D:2 |       0 |     317 |   0.0 |       0 |      20 |   0.0 |  1173
           D:3 |       0 |     230 |   0.0 |       0 |      32 |   0.0 |  1115
           D:4 |       0 |     209 |   0.0 |       0 |      14 |   0.0 |   690
           D:5 |       0 |     521 |   0.0 |       0 |      25 |   0.0 |   609
               +---------+---------+-------+---------+---------+-------+---------
